 Dungeon Crawl Stone Soup version 0.32-a0-765-gfba4d74c8c (webtiles) character file.

Game seed: 537494997631086461

1311248 NormalPerson7 the Plane Walker (level 26, 134/134 HPs)
             Began as a Spriggan Warper on Mar 16, 2024.
             Was the Champion of Dithmenos.
             Escaped with the Orb
             ... and 3 runes on Mar 18, 2024!
             The game lasted 08:35:04 (121027 turns).

NormalPerson7 the Plane Walker (Spriggan Warper)  Turns: 121027, Time: 08:35:05

Health: 134/134    AC:  9    Str:  7    XL:     26   Next: 9%
Magic:  37/37      EV: 35    Int: 22    God:    Dithmenos [******]
Gold:   621        SH:  9    Dex: 19    Spells: 9/51 levels left

rFire   + + .        e - +8 hand cannon (freeze)
rCold   + + .        r - +3 buckler {AC+3}
rNeg    + . .        D - +2 robe {rC+ rF+}
rPois   .            B - +2 hat
rElec   +            y - scarf {rC+ rF+}
rCorr   .            (gloves unavailable)
SInv    +            (boots unavailable)
Will    +++++        n - dreamshard necklace {Acrobat *Dream}
Stlth   +++          O - ring "Funuh" {rElec Will+ Int+6 Slay+2}
HPRegen 0.42/turn    m - ring of positive energy
MPRegen 0.25/turn

%: acrobat
@: wreathed by umbra, studying 2 skills, very quick
A: very small, no large weapons, unfitting armour, see invisible, speed 3,
clumsy 1, dopey 2, frail 1, low MP 1, screaming 2, wild magic 1, evolution 1
0: Orb of Zot
}: 3/15 runes: decaying, serpentine, abyssal
a: Renounce Religion, Shadow Step, Shadow Form


You escaped.
You worshipped Dithmenos.
Dithmenos was exalted by your worship.
You visited 11 branches of the dungeon, and saw 50 of its levels.
You visited the Abyss 1 time.
You also visited: Volcano and Desolation.

You collected 6401 gold pieces.
You spent 5780 gold pieces at shops.

Inventory:

Hand Weapons
 e - a +8 hand cannon of freezing (weapon)
 W - the +3 arbalest of Doom {penet, rElec rPois rF+ Int+3}
   (You bought it in a shop on level 1 of the Depths)

   Int+3:     It affects your intelligence (+3).
   rF+:       It protects you from fire.
   rElec:     It insulates you from electricity.
   rPois:     It protects you from poison.
Missiles
 k - a throwing net {!f}
Armour
 i - +7 swamp dragon scales
 p - the +6 faerie dragon scales {rCorr Str+3 Stlth+}
   (You took it off the Enchantress on level 2 of the Depths)

   Str+3:     It affects your strength (+3).
   rCorr:     It protects you from acid and corrosion.
   Stlth+:    It makes you more stealthy.
 r - a +3 buckler of protection (worn)
 y - a scarf of resistance (worn)
 B - a +2 hat (worn)
 D - a +2 robe of resistance (worn)
 M - a +1 robe of positive energy
Jewellery
 d - a ring of wizardry
 m - a ring of positive energy (right hand)
 n - the dreamshard necklace (around neck) {Acrobat *Dream}
   (You found it on level 2 of the Realm of Zot)

   [amulet of the acrobat]

   *Dream:    It absorbs a single lethal wound into itself, holding its wearer
   just short of death and releasing dream-creatures to guard them.
   Acrobat:   It increases your evasion while moving and waiting.
 v - a ring of resist corrosion
 A - a +4 ring of protection
 F - a ring of protection from fire
 O - the ring "Funuh" (left hand) {rElec Will+ Int+6 Slay+2}
   (You found it on level 5 of the Dungeon)

   [ring of intelligence]

   Int+6:     It affects your intelligence (+6).
   Slay+2:    It affects your accuracy & damage with ranged weapons and melee
   (+2).
   rElec:     It insulates you from electricity.
   Will+:     It increases your willpower.
Wands
 J - a wand of mindburst (11)
 K - a wand of roots (10)
 L - a wand of flame (150)
 S - a wand of charming (28)
 V - a wand of digging (8)
 Y - a wand of polymorph (6)
 Z - a wand of quicksilver (6)
Scrolls
 b - 9 scrolls of immolation
 g - 3 scrolls of fear
 t - 18 scrolls of teleportation
 w - 10 scrolls of vulnerability
 x - a scroll of blinking
 C - 4 scrolls of silence
 E - a scroll of torment
 H - 3 scrolls of butterflies {!r}
 I - 5 scrolls of poison
 T - 9 scrolls of fog
Potions
 a - 4 potions of ambrosia
 c - 11 potions of curing
 f - 10 potions of haste
 h - 7 potions of heal wounds
 j - 4 potions of mutation
 l - 5 potions of cancellation
 s - 6 potions of lignification
 u - 7 potions of attraction
 G - 2 potions of berserk rage
 N - 9 potions of enlightenment
 P - 7 potions of brilliance
 R - 8 potions of might
 U - 5 potions of magic
 X - 3 potions of resistance
Miscellaneous
 o - a lightning rod (4/4)
 q - a phial of floods
 z - a tin of tremorstones (2/2)
 Q - a phantom mirror


   Skills:
 + Level 18.6 Fighting
 - Level 2.0 Polearms
 - Level 18.0 Ranged Weapons
 - Level 1.0 Throwing
 - Level 5.3 Armour
 - Level 23.0 Dodging
 - Level 12.0 Stealth
 - Level 8.0 Shields
 - Level 13.0 Spellcasting
 - Level 12.6 Hexes
 - Level 12.0 Summonings
 O Level 27 Translocations
 - Level 7.0 Air Magic
 - Level 12.0 Invocations
 - Level 15.0 Evocations
 - Level 0.8 Shapeshifting


You had 9 spell levels left.
You knew the following spells:

 Your Spells              Type           Power      Damage    Failure   Level
a - Summon Small Mammal   Summ           100%       N/A       1%          1
b - Dimensional Bullseye  Hex/Tloc       46%        N/A       1%          4
c - Passage of Golubria   Tloc           100%       N/A       1%          4
f - Summon Forest         Summ/Tloc      46%        N/A       1%          5
g - Malign Gateway        Summ/Tloc      46%        N/A       3%          7
j - Disjunction           Tloc           53%        N/A       1%          8
p - Apportation           Tloc           100%       N/A       1%          1
v - Summon Mana Viper     Hex/Summ       73%        N/A       2%          5
S - Silence               Hex/Air        32%        N/A       5%          5
X - Blink                 Tloc           100%       N/A       1%          2

Your spell library contained the following spells:

 Spells                   Type           Power      Damage    Failure   Level
 Slow                     Hex            100%       N/A       1%          1
 Ensorcelled Hibernation  Hex/Ice        100%       N/A       1%          2
 Jinxbite                 Hex            100%       N/A       1%          2
 Lesser Beckoning         Tloc           100%       N/A       1%          2
 Momentum Strike          Conj/Tloc      100%       3d10      1%          2
 Call Canine Familiar     Summ           72%        N/A       1%          3
 Confusing Touch          Hex            74%        N/A       1%          3
 Gell's Gravitas          Tloc           100%       N/A       1%          3
 Teleport Other           Tloc           100%       N/A       1%          3
 Tukima's Dance           Hex            74%        N/A       1%          3
 Cause Fear               Hex            37%        N/A       1%          4
 Iskenderun's Mystic Bla  Conj/Tloc      77%        2d15      1%          4
 Manifold Assault         Tloc           100%       N/A       1%          4
 Vhi's Electric Charge    Tloc/Air       100%       N/A       1%          4
 Dispersal                Tloc           53%        N/A       1%          6
 Swiftness                Air            55%        N/A       2%          3
 Summon Lightning Spire   Summ/Air       64%        N/A       2%          4
 Shock                    Conj/Air       100%       1d9       3%          1
 Dazzling Flash           Conj/Hex       100%       N/A       3%          3
 Inner Flame              Hex/Fire       53%        N/A       3%          3
 Summon Ice Beast         Ice/Summ       52%        N/A       3%          3
 Mercury Vapours          Alch/Air       76%        N/A       4%          2
 Cigotuvi's Dreadful Rot  Necr/Alch/Air  62%        N/A       6%          2
 Anguish                  Hex/Necr       26%        N/A       8%          4
 Animate Armour           Summ/Erth      100%       N/A       9%          4
 Martyr's Knell           Necr/Summ      52%        N/A       9%          4
 Freeze                   Ice            72%        1d8       10%         1
 Magic Dart               Conj           72%        1d6       10%         1
 Necrotise                Necr           72%        1d7       10%         1
 Sandblast                Erth           36%        2d10      10%         1
 Sting                    Conj/Alch      72%        1d7       10%         1
 Summon Cactus Giant      Summ           36%        N/A       11%         6
 Mephitic Cloud           Conj/Alch/Air  31%        N/A       12%         3
 Searing Ray              Conj           36%        2d5       14%         2
 Sublimation of Blood     Necr           18%        N/A       14%         2
 Metabolic Englaciation   Hex/Ice        26%        N/A       21%         5
 Yara's Violent Unravell  Hex/Alch       26%        3d11      21%         5
 Fugue of the Fallen      Necr           18%        N/A       26%         3
 Hailstorm                Conj/Ice       18%        3d7       26%         3
 Ozocubu's Armour         Ice            18%        N/A       26%         3
 Passwall                 Erth           18%        N/A       26%         3
 Stone Arrow              Conj/Erth      36%        3d9       26%         3
 Vampiric Draining        Necr           18%        2d7       26%         3
 Enfeeble                 Hex            37%        N/A       38%         7
 Animate Dead             Necr           18%        N/A       63%         4
 Brom's Barrelling Bould  Conj/Erth      18%        2d4       63%         4
 Dispel Undead            Necr           18%        3d11      63%         4
 Fulminant Prism          Conj/Alch      9%         3d7       63%         4
 Ignite Poison            Fire/Alch      18%        N/A       63%         4
 Leda's Liquefaction      Alch/Erth      9%         N/A       63%         4
 Sticky Flame             Fire/Alch      18%        2d6       63%         4
 Freezing Cloud           Conj/Ice/Air   15%        6-21      65%         5
 Alistair's Intoxication  Alch           12%        N/A       91%         5
 Borgnjor's Vile Clutch   Necr/Erth      9%         N/A       91%         5
 Curse of Agony           Necr           18%        N/A       91%         5
 Fireball                 Conj/Fire      9%         3d6       91%         5
 Irradiate                Conj/Alch      9%         3d14      91%         5
 Iskenderun's Battlesphe  Conj           18%        2d7       91%         5
 Lee's Rapid Deconstruct  Erth           9%         3d7*      91%         5
 Conjure Ball Lightning   Conj/Air       19%        3x3d6     96%         6
 Discord                  Hex            37%        N/A       96%         8
 Summon Horrible Things   Summ           36%        N/A       98%         8
 Haunt                    Necr/Summ      26%        N/A       99%         7
 Permafrost Eruption      Ice/Erth       9%         2x4d4     100%        6
 Sculpt Simulacrum        Ice/Alch       9%         N/A       100%        6
 Starburst                Conj/Fire      9%         6d5       100%        6
 Orb of Destruction       Conj           9%         9d6       100%        7
 Ignition                 Fire           9%         3d5       100%        8
 Infestation              Necr           9%         N/A       100%        8
 Lehudib's Crystal Spear  Conj/Erth      9%         10d4      100%        8
 Maxwell's Capacitive Co  Air            27%        ∞         100%        8
 Chain Lightning          Conj/Air       19%        3d25      100%        9
 Dragon's Call            Summ           36%        N/A       100%        9
 Polar Vortex             Ice            9%         12d1*     100%        9


Dungeon Overview and Level Annotations

Branches:
Dungeon (15/15)            Temple (0/1) D:7            Lair (5/5) D:10
  Swamp (4/4) Lair:3        Snake (4/4) Lair:2        Slime (3/5) Lair:5
    Orc (2/2) D:11            Elf (3/3) Orc:2        Vaults (4/5) D:14
  Crypt (1/3) Vaults:2     Depths (4/4) D:15            Zot (5/5) Depths:4
Volcano (visited)         Desolation (visited)

Altars:
Ashenzari
Cheibriados
Dithmenos
Fedhas
Kikubaaqudgha
Qazlal
Ru
Sif Muna
Uskayaw
Vehumet
Yredelemnul
Jiyva
Lugonu

Shops:
D:3 ?   D:9 [   D:10 *   Orc:2 [*!*   Elf:2 **=   Snake:2 :[[!   Vaults:1 (
Vaults:2 *   Vaults:4 :   Depths:1 (   Depths:3 ?   Depths:4 *[*

Portals:
Hell: Depths:1 Depths:2 Depths:3 Depths:4
Abyss: Depths:1 Depths:2 Depths:3
Pandemonium: Depths:2 Depths:3
Ziggurat: Depths:3
Trove: Depths:3 (give +5 demon trident)

Annotations:
D:14 exclusion: 2 doors, Azrael
Swamp:1 Mlioglotl
Swamp:3 Roxanne
Depths:1 exclusions: orange crystal statue and 1 more exclusion
Depths:4 exclusion: orange crystal statue
Zot:3 36 runed translucent doors, exclusion: 36 doors


Innate Abilities, Weirdness & Mutations

You are very small and have problems with some larger weapons.
You are too small for most types of armour.
You have supernaturally acute eyesight. (SInv)
You cover ground extremely quickly. (Speed+++)
You are clumsy. (Dex -2)
You are very dopey. (Int -4)
You are frail. (-10% HP)
Your magical capacity is low. (-10% MP)
You frequently scream uncontrollably at your foes.
Your spells are a little harder to cast, but a little more powerful.
You have hidden genetic potential.


Message History

There is a stone staircase leading up here.
You climb upwards.
There is a stone staircase leading down here.
There is an open door here.
There is a stone staircase leading up here.
You climb upwards.
There is a stone staircase leading down here.
There is a stone staircase leading up here.
You climb upwards.
There is a stone staircase leading down here.
There is an open door here.
There is a stone staircase leading up here.
You climb upwards.
There is a stone staircase leading down here.
There is a stone staircase leading up here.
You climb upwards.
There is a stone staircase leading down here.
There is a stone staircase leading up here.
You climb upwards.
There is a stone staircase leading down here.
Things that are here:
a +0 whip; a kobold skeleton
There is an open door here.
There is a stone staircase leading up here.
You climb upwards.
There is a stone staircase leading down here.
You see here a ball python skeleton.
You see here a bat skeleton.
You see here a +0 mace.
There is a stone staircase leading up here.
You climb upwards.
There is a stone staircase leading down here.
There is a stone staircase leading up here.
You climb upwards.
There is a stone staircase leading down here.
Things that are here:
a +0 dagger; a kobold skeleton
There is an open door here.
There is a staircase leading out of the dungeon here.
You have escaped!

............#........##....#.#
..........###........##.####.#
..........# #........##.####.##
..........# ###..##'#.........#
..........# ##)##.#.#.......#
..........### #'##...........#
...########.####.####.######..#
......# #'#.##...##.......#..#
......# ##.##'..@..#.....#.#..#
......###...###.÷.###.##.#.#†.#
###...##.....###'###.....#.#..#
......#........'.# #..#....#..#
.####.##.....###'###..#.......#
....#.###...###...##..##.#.#.##
....#.# ##r##'.....#..#....#.#
....#.# #'#.##...##..######.#
....#.# ##.####.###.......#.#


There were no monsters in sight!

Vanquished Creatures
  Margery (Depths:3)
  A curse toe (Zot:2)
  2 golden dragons
  the Enchantress (Depths:2)
  The ghost of Himuck the Scorcher, an adept OpFE of Sif Muna (Elf:3)
  12 tentacled monstrosities
  A walking crystal tome (Depths:3)
  A walking earthen tome (Depths:3)
  8 Orb Guardians (Zot:5)
  6 liches
  A walking frostbound tome (Depths:3)
  A quicksilver dragon (Zot:4)
  An acid blob (Slime:2)
  8 sphinxes
  2 ancient champions
  Frances (D:12)
  A thorn hunter (Swamp:4)
  7 shadow dragons
  9 storm dragons
  2 death cobs
  Kirke (D:14)
  A nagaraja (Snake:3)
  Aizul (Vaults:1)
  A draconian knight (Depths:4)
  3 rockslimes (Slime:2)
  7 frost giants
  12 fire giants
  7 vault wardens
  6 draconian monks
  8 deep elf sorcerers
  3 draconian scorchers
  7 draconian shifters
  An orc warlord (Vaults:1)
  15 very ugly things
  4 ghouls
  5 draconian stormcallers
  A deep elf elementalist (Elf:3)
  2 draconian annihilators
  2 quicksilver oozes
  3 spriggan defenders
  12 ironbound preservers
  A caustic shrike skeleton (Depths:3)
  17 stone giants
  8 ironbound thunderhulks
  3 deep elf demonologists
  A vampire knight (Depths:3)
  6 green draconians
  6 dire elephants
  5 black draconians
  7 red draconians
  7 white draconians
  3 eleionomae
  6 yellow draconians
  10 deep elf annihilators
  6 deep elf death magi
  3 spark wasps
  6 purple draconians
  A green death (Depths:2)
  A quicksilver dragon zombie (Depths:3)
  6 ettins
  9 yaktaur captains
  7 fire dragons
  4 jiangshi (Depths:1)
  2 ragged hierophants (Vaults:3)
  3 entropy weavers
  4 deep elf high priests
  12 great orbs of eyes
  3 rakshasas
  3 vault guards
  11 hydras
  5 salamander tyrants
  4 ice dragons
  2 peacekeepers (Vaults:3)
  2 spriggan air magi
  A ghost crab (Swamp:3)
  4 ogre magi
  4 alligators
  5 ironbound frosthearts
  13 two-headed ogres
  10 centaur warriors
  8 boulder beetles
  13 dancing weapons
  5 anacondas
  A catoblepas (D:15)
  4 deep troll shamans
  4 vampire magi
  8 tengu warriors
  5 deep troll earth magi
  8 naga sharpshooters
  5 shock serpents
  6 hell hogs (Depths:4)
  A titan zombie (Depths:3)
  2 occultists (Depths:2)
  6 deep elf knights
  5 spriggan berserkers
  A death yak (Lair:5)
  Urug (D:10)
  3 soul eaters (Depths:3)
  22 naga warriors
  4 skysharks
  3 hell knights (Depths:3)
  7 salamander mystics
  A sun demon (D:10)
  16 skeletal warriors
  An iron troll (Depths:3)
  39 deep trolls
  A shadow wraith (Depths:3)
  Lodul (D:11)
  A fire crab (Lair:5)
  2 goliath frogs
  2 flayed ghosts (Depths:3)
  3 glowing orange brains
  7 swamp dragons
  4 naga ritualists
  7 arcanists
  An obsidian statue (Volcano)
  A lindwurm (Vaults:1)
  7 mana vipers
  3 bog bodies
  Pikel (D:6)
  2 spectral hydras (Swamp:4)
  A harpy (D:13)
  3 necromancers
  3 phantasmal warriors
  A harpy (shapeshifter) (D:14)
  5 thermic dynamos
  13 ironbound convokers
  A shining eye (Slime:1)
  21 deep elf zephyrmancers
  2 orc knights
  An iron dragon zombie (Depths:3)
  19 deep elf pyromancers
  5 orc sorcerers
  11 elephants (Lair:1)
  34 ugly things
  3 oklob plants (Swamp:4)
  22 salamanders
  A wolf spider (D:14)
  2 manticores
  2 will-o-the-wisps (Swamp:2)
  7 cyclopes
  A meliai (shapeshifter) (D:14)
  3 meliai (D:15)
  3 large abominations
  17 moths of wrath
  36 black mambas
  5 kobold blastminers
  11 guardian serpents
  A human skeleton (Vaults:4)
  2 smoke demons (Abyss:3)
  A torpor snail (shapeshifter) (Depths:4)
  13 naga magi
  16 vault sentinels
  2 torpor snails (Lair:1)
  Joseph (D:7)
  17 cane toads
  2 unseen horrors
  3 gargoyles
  5 rime drakes
  2 kobold demonologists
  2 freezing wraiths
  26 yaktaurs
  3 tengu conjurers
  An ancient zyme (Abyss:3)
  9 komodo dragons
  A human zombie (Vaults:4)
  An efreet (Volcano)
  2 hydra zombies (Swamp:4)
  11 trolls
  The ghost of temujin the Skirmisher, a novice DECj (D:6)
  A queen bee (D:6)
  7 tyrant leeches
  A bloated husk (Swamp:3)
  2 polar bears
  5 hornets
  2 saltlings (Vaults:3)
  2 tarantellas
  A fire giant simulacrum (Vaults:4)
  A polar bear (shapeshifter) (D:13)
  24 blink frogs
  A glass eye (shapeshifter) (Depths:3)
  3 glass eyes
  8 dream sheep
  31 slime creatures
  An air elemental (Elf:1)
  A spriggan (Depths:2)
  5 wyverns
  3 small abominations (Abyss:3)
  32 yaks
  8 nameless horrors
  2 water elementals
  3 shadows
  12 basilisks
  A hog (D:14)
  A neqoxec (Zot:1)
  2 redbacks
  4 wraiths
  5 fire bats (Volcano)
  4 fire elementals
  3 wargs
  3 steam dragons
  11 vampire mosquitoes
  16 swamp worms
  3 chaos spawn (Abyss:3)
  39 nagas
  An acid dragon (D:8)
  18 water moccasins
  A glowing shapeshifter zombie (Depths:3)
  3 hydra simulacra (Swamp:4)
  7 swamp drakes (Swamp:4)
  Duvessa (D:7)
  9 orc warriors
  A black bear (D:5)
  6 ice beasts
  4 swamp dragon zombies (Swamp:4)
  31 ogres
  6 laughing skulls
  8 wolves
  11 boggarts
  25 centaurs
  2 lemures (D:6)
  A swamp dragon skeleton (Swamp:4)
  4 phantoms
  A kobold brigand (D:9)
  20 bullfrogs
  A gnoll sergeant (D:9)
  2 earth elementals
  3 scorpions
  12 wights
  Dowan (D:7)
  12 killer bees
  2 electric eels
  9 howler monkeys
  A bombardier beetle (D:4)
  8 lava snakes
  9 hounds
  8 orc priests
  2 gnoll boudas
  An iguana (Lair:3)
  18 orc wizards
  10 gnolls
  11 adders
  A swamp drake zombie (Swamp:4)
  A swamp drake skeleton (Swamp:4)
  2 white imps
  4 ufetubi
  4 ribbon worms
  2 dart slugs
  49 orcs
  10 endoplasms
  11 goblins
  10 hobgoblins
  9 jackals
  7 quokkas
  8 ball pythons
  3 bats
  6 frilled lizards
  14 kobolds
  5 rats
1621 creatures vanquished.

Vanquished Creatures (collateral kills)
  A dread lich (Depths:3)
  5 orbs of fire
  Mara (Elf:3)
  3 Killer Klowns (Zot:5)
  A shard shrike (Depths:4)
  A curse toe (Zot:5)
  Jory (Vaults:3)
  9 golden dragons
  2 doom hounds (Zot:2)
  Jorgrun (Elf:2)
  2 electric golems (Zot:5)
  3 hellephants
  3 tentacled monstrosities
  2 titans
  12 Orb Guardians (Zot:5)
  2 deep elf blademasters
  5 quicksilver dragons
  Grunn (Zot:2)
  5 death cobs
  2 eldritch tentacles
  3 sphinxes
  A thorn hunter (Swamp:4)
  A tengu reaver (Depths:3)
  10 shadow dragons
  Donald (Elf:3)
  3 storm dragons
  A fenstrider witch (Swamp:4)
  4 draconian monks
  The ghost of Godo the Gelid, an adept DECj of Sif Muna (Swamp:3)
  A deep elf sorcerer (Elf:3)
  2 draconian shifters
  6 vault wardens
  5 draconian knights
  2 fire giants
  2 draconian scorchers
  An iron dragon (Depths:1)
  A ghost moth (Zot:4)
  2 caustic shrike zombies (Depths:3)
  4 frost giants
  7 ironbound preservers
  31 slime creatures
  4 draconian stormcallers
  A draconian annihilator (Zot:4)
  3 spriggan defenders
  9 very ugly things
  An ironbound thunderhulk (Vaults:1)
  2 formless jellyfish
  6 red draconians
  3 white draconians
  A deep elf demonologist (Depths:2)
  5 stone giants
  7 vampire knights
  4 green draconians
  An eleionoma (Swamp:2)
  6 black draconians
  4 purple draconians
  A war gargoyle (Vaults:4)
  3 dire elephants (Vaults:4)
  4 yellow draconians
  A bunyip (Swamp:3)
  2 crystal guardians (Vaults:3)
  A fire dragon (Depths:3)
  3 ettins
  2 yaktaur captains
  An entropy weaver (Vaults:1)
  A jiangshi (Depths:1)
  2 shambling mangroves (Swamp:4)
  A hydra (Swamp:4)
  An ice dragon (Depths:4)
  A salamander tyrant (Snake:3)
  4 vault guards
  2 anacondas (Snake:1)
  2 peacekeepers (Vaults:4)
  4 ironbound frosthearts
  4 spriggan air magi
  4 centaur warriors (Vaults:4)
  2 hell hogs (Depths:4)
  13 dancing weapons
  2 deep troll shamans
  A vampire mage (Depths:1)
  2 deep troll earth magi (Depths:3)
  4 spriggan berserkers
  An orc high priest (Elf:2)
  11 deep elf knights
  4 iron trolls
  2 shock serpents
  A spark wasp zombie (Depths:3)
  A skeletal warrior (Vaults:2)
  A goliath frog (Swamp:4)
  2 mana vipers (Snake:1)
  20 deep trolls
  9 deep elf archers (Elf:2)
  2 arcanists (Vaults:2)
  3 spriggan druids
  A thermic dynamo (Elf:3)
  A bog body (Swamp:4)
  2 ironbound convokers
  5 deep elf pyromancers
  An orc knight (Vaults:1)
  3 lindwurms (Vaults:1)
  5 ugly things
  7 deep elf zephyrmancers
  2 salamanders
  2 moths of wrath
  A naga mage (Snake:1)
  4 guardian serpents
  3 vault sentinels
  2 black mambas (Snake:1)
  8 yaktaurs
  A troll (D:12)
  3 saltlings
  7 hornets
  A tyrant leech (Swamp:3)
  A glass eye (Slime:1)
  A spriggan (shapeshifter) (Vaults:4)
  5 spriggans
  A warg (Elf:2)
  8 nagas
  5 swamp worms
  A swamp dragon skeleton (Swamp:4)
  An orc (Elf:2)
415 creatures vanquished.

Vanquished Creatures (others)
  An orb of fire (Zot:5)
  185 eldritch tentacles
  A draconian knight (Zot:3)
  A draconian annihilator (Zot:1)
  A yellow draconian (Zot:3)
  A shambling mangrove (Swamp:4)
  5 humans (D:14)
  A nameless horror (Zot:4)
  A killer bee (D:6)
  4 foxfires (Swamp:2)
  31 snaplasher vines
232 creatures vanquished.

Grand Total: 2268 creatures vanquished

Notes
Turn   | Place    | Note
-------+----------+-------------------------------------------
     0 | D:1      | NormalPerson7 the Spriggan Warper began the quest for the
                  | Orb.
     0 | D:1      | Reached XP level 1. HP: 10/10 MP: 5/5
   781 | D:1      | Reached skill level 1 in Stealth
   781 | D:1      | Reached XP level 2. HP: 14/14 MP: 6/6
   915 | D:1      | Learned a level 2 spell: Blink
  1916 | D:1      | Reached XP level 3. HP: 18/18 MP: 8/8
  1920 | D:1      | Learned a level 3 spell: Teleport Other
  2403 | D:2      | Found a shadowy altar of Dithmenos.
  2636 | D:2      | Reached skill level 5 in Translocations
  4011 | D:2      | Became a worshipper of Dithmenos the Shadowed
  4867 | D:2      | Reached skill level 1 in Ranged Weapons
  4867 | D:2      | Reached XP level 4. HP: 22/22 MP: 9/9
  5521 | D:3      | Found Liguuxiu's Magic Scroll Shoppe.
  6374 | D:3      | Bought a scroll of identify for 20 gold pieces
  6374 | D:3      | Bought a scroll of identify for 20 gold pieces
  6376 | D:3      | Bought a scroll of fear for 40 gold pieces
  7259 | D:3      | Found Liguuxiu's Magic Scroll Shoppe.
  8060 | D:4      | Noticed a scorpion
  8405 | D:4      | Reached XP level 5. HP: 25/25 MP: 10/10
 10602 | D:4      | Reached XP level 6. HP: 30/30 MP: 11/11
 11979 | D:4      | Reached skill level 5 in Ranged Weapons
 13028 | D:5      | Entered Level 5 of the Dungeon
 13108 | D:5      | You fall into a shaft and drop 1 floor!
 13503 | D:5      | Reached XP level 7. HP: 33/33 MP: 12/12
 13583 | D:5      | Reached * piety under Dithmenos
 13818 | D:5      | Identified the ring "Funuh" {rElec Will+ Int+6 Slay+2}
 14133 | D:5      | Found the +0 toga "Victory" {*Victory Clar}
 14329 | D:5      | Reached XP level 8. HP: 37/37 MP: 13/13
 14563 | D:6      | Found a transporter.
 14565 | D:6      | Found a transporter.
 14566 | D:6      | Noticed temujin's ghost (novice DECj)
 14570 | D:6      | Noticed a queen bee
 16066 | D:6      | Reached skill level 10 in Ranged Weapons
 16162 | D:7      | Noticed Duvessa
 16240 | D:7      | Found a staircase to the Ecumenical Temple.
 16299 | D:7      | Noticed Joseph
 16835 | D:7      | Noticed Pikel
 16857 | D:6      | Killed Pikel
 16858 | D:6      | Reached skill level 5 in Dodging
 16858 | D:6      | Reached XP level 9. HP: 36/45 MP: 14/14
 17044 | D:7      | Noticed Dowan
 17063 | D:7      | Killed Dowan
 17538 | D:7      | Killed Duvessa
 17808 | D:7      | Killed Joseph
 18040 | D:8      | Reached skill level 5 in Stealth
 18371 | D:8      | Reached skill level 5 in Fighting
 18450 | D:8      | Reached ** piety under Dithmenos
 18560 | D:8      | Reached XP level 10. HP: 53/53 MP: 15/15
 19219 | D:9      | Found a sacrificial altar of Ru.
 19222 | D:9      | Found a shadowy altar of Dithmenos.
 19325 | D:9      | Found Zebuqos's Armour Shop.
 19489 | D:9      | Found a shimmering blue altar of Sif Muna.
 19489 | D:9      | Found a hide-covered altar of Uskayaw.
 19553 | D:9      | Found a blossoming altar of Fedhas.
 19841 | D:10     | Entered Level 10 of the Dungeon
 19983 | D:10     | Found a staircase to the Lair.
 20016 | D:9      | Reached *** piety under Dithmenos
 20730 | D:10     | Paralysed by a hornet for 1 turns
 20906 | D:10     | Found Wohid's General Store.
 20933 | D:10     | Noticed Urug
 21527 | D:10     | Noticed a gargoyle
 21768 | D:11     | Noticed a skeletal warrior
 21832 | D:11     | Killed a skeletal warrior
 21965 | D:11     | Noticed a skeletal warrior
 22008 | D:11     | Noticed a skeletal warrior
 22104 | D:11     | Killed a skeletal warrior
 22105 | D:11     | Reached skill level 1 in Invocations
 22105 | D:11     | Reached XP level 11. HP: 60/60 MP: 16/16
 22444 | D:11     | Killed a skeletal warrior
 22510 | D:11     | Reached skill level 1 in Evocations
 22657 | D:11     | Noticed a boulder beetle
 23299 | D:11     | Found a staircase to the Orcish Mines.
 23511 | Lair:1   | Entered Level 1 of the Lair of Beasts
 23788 | D:3      | Bought a scroll of butterflies for 40 gold pieces
 23788 | D:3      | Bought a scroll of identify for 20 gold pieces
 23788 | D:3      | Bought a scroll of identify for 20 gold pieces
 23790 | D:3      | Bought a scroll of fog for 40 gold pieces
 24038 | Lair:1   | Reached **** piety under Dithmenos
 24487 | Lair:1   | Reached skill level 10 in Dodging
 24709 | Lair:1   | Reached XP level 12. HP: 64/64 MP: 17/17
 25724 | Lair:2   | Found a staircase to the Snake Pit.
 25763 | Lair:2   | Noticed a boulder beetle
 25827 | Lair:2   | Reached skill level 15 in Ranged Weapons
 26173 | Lair:2   | Killed a boulder beetle
 26257 | Lair:2   | Noticed a five-headed hydra
 26322 | Lair:2   | Killed a five-headed hydra
 26474 | Lair:2   | Reached ***** piety under Dithmenos
 26898 | Lair:3   | Reached skill level 5 in Evocations
 26905 | Lair:3   | Reached skill level 6 in Translocations
 26935 | Lair:3   | Found a staircase to the Swamp.
 27065 | Lair:3   | Found a transporter.
 27067 | Lair:3   | Found a transporter.
 27068 | Lair:3   | Noticed a boulder beetle
 27262 | Lair:3   | Reached skill level 7 in Translocations
 27398 | Lair:3   | Reached skill level 8 in Translocations
 27478 | Lair:3   | Reached XP level 13. HP: 68/68 MP: 18/18
 27623 | Lair:3   | Reached skill level 9 in Translocations
 27935 | Lair:4   | Reached skill level 10 in Translocations
 28159 | Lair:4   | Found a dark tunnel.
 28179 | Volcano  | Entered a volcano
 28209 | Volcano  | Reached skill level 11 in Translocations
 28407 | Volcano  | Noticed a stone giant
 28754 | Volcano  | Killed a stone giant
 28755 | Volcano  | Reached skill level 12 in Translocations
 28781 | Volcano  | Found a bloodstained altar of Trog.
 29565 | Lair:5   | Entered Level 5 of the Lair of Beasts
 30547 | Lair:5   | Reached XP level 14. HP: 73/73 MP: 19/19
 31126 | Lair:5   | Identified a scroll of acquirement
 31127 | Lair:5   | Acquired the +1 troll leather armour "Ixzataa" {rPois
                  | Regen+ MP+9 Str+2 Slay+3}
 31273 | Lair:5   | Found a viscous altar of Jiyva.
 31273 | Lair:5   | Found a staircase to the Slime Pits.
 31807 | Orc:1    | Entered Level 1 of the Orcish Mines
 31812 | Orc:1    | Reached ****** piety under Dithmenos
 31896 | Orc:2    | Entered Level 2 of the Orcish Mines
 32024 | Orc:2    | Found a staircase to the Elven Halls.
 32089 | Orc:2    | Found Tury's Distillery.
 32237 | Orc:1    | Reached skill level 10 in Fighting
 32291 | Orc:1    | Reached skill level 1 in Summonings
 32655 | Orc:2    | Found Mautteutynk's Armour Shoppe.
 33006 | Orc:2    | Reached skill level 5 in Summonings
 33100 | Orc:2    | Found Akehekh's Assorted Antiques.
 33101 | Orc:2    | Found Erimuax's Assorted Antiques.
 33127 | Orc:2    | Reached skill level 13 in Translocations
 33144 | Orc:2    | Found Zucupuw's Distillery.
 33637 | D:12     | Noticed Frances
 33747 | D:13     | Reached skill level 14 in Translocations
 34043 | D:13     | Reached XP level 15. HP: 80/80 MP: 20/20
 34044 | D:13     | Reached skill level 15 in Translocations
 34179 | D:13     | Identified the +0 ring mail of Hangman {Str+2 Dex+2}
 34556 | D:13     | Reached skill level 16 in Translocations
 34587 | D:13     | Identified the +4 long sword of Disorder {flame, Dex+5}
 34841 | D:13     | Identified the stafffire of the Thirsty Allies {rF+ Int+4
                  | Dex-3 SInv Fire}
 35719 | D:14     | Found a gate to the Vaults.
 35959 | D:14     | Noticed Kirke
 35967 | D:14     | Killed Kirke
 36047 | D:14     | Noticed Azrael
 36129 | D:15     | Entered Level 15 of the Dungeon
 36275 | D:15     | Reached skill level 17 in Translocations
 36686 | D:15     | Reached skill level 18 in Translocations
 36823 | D:15     | Found a staircase to the Depths.
 37280 | D:15     | Reached skill level 19 in Translocations
 37599 | D:15     | Learned a level 5 spell: Summon Forest
 37940 | D:11     | Reached skill level 1 in Hexes
 37968 | D:11     | Noticed Lodul
 37978 | D:11     | Killed Lodul
 38129 | D:10     | Killed Urug
 38234 | D:6      | Killed temujin's ghost
 38782 | D:12     | Reached XP level 16. HP: 85/85 MP: 21/21
 38886 | D:12     | Reached XP level 17. HP: 89/89 MP: 22/22
 38893 | D:12     | Learned a level 5 spell: Summon Mana Viper
 38933 | D:12     | Killed Frances
 39558 | Snake:1  | Entered Level 1 of the Snake Pit
 40369 | Snake:1  | Reached skill level 10 in Summonings
 40974 | Snake:2  | Reached skill level 10 in Hexes
 41284 | Snake:2  | Found Bufuinib's Armour Boutique.
 41528 | Snake:2  | Found Ywaes's Antique Armour Boutique.
 41615 | Snake:2  | Found Ygiaril's Antique Armour Shop.
 41754 | Snake:2  | Reached skill level 20 in Translocations
 41867 | Snake:2  | Found Nuxuv's Distillery.
 42109 | Snake:2  | Found Peodetoq's Book Emporium.
 42311 | Snake:3  | Found a stormy altar of Qazlal.
 42471 | Snake:3  | Reached skill level 21 in Translocations
 42586 | Snake:3  | Learned a level 1 spell: Apportation
 42588 | Snake:3  | Learned a level 1 spell: Summon Small Mammal
 43054 | Snake:3  | Reached skill level 5 in Spellcasting
 43308 | Snake:3  | Reached XP level 18. HP: 93/93 MP: 28/28
 43316 | Snake:3  | Learned a level 7 spell: Malign Gateway
 43385 | Snake:4  | Entered Level 4 of the Snake Pit
 43811 | Snake:4  | Learned a level 8 spell: Disjunction
 44313 | Snake:4  | Reached skill level 10 in Spellcasting
 44415 | Snake:4  | Acquired a +2 hat
 44630 | Snake:3  | Reached skill level 5 in Invocations
 45351 | Snake:4  | Got a serpentine rune of Zot
 45478 | Swamp:1  | Entered Level 1 of the Swamp
 45584 | Swamp:1  | Noticed Mlioglotl
 47146 | Swamp:3  | Noticed Roxanne
 47305 | Swamp:3  | Found a runed translucent door.
 47306 | Swamp:3  | Noticed Godo's ghost (adept DECj)
 47313 | Swamp:3  | Reached skill level 10 in Evocations
 47431 | Swamp:4  | Entered Level 4 of the Swamp
 47627 | Swamp:4  | Identified the +2 pair of gloves of Light {rPois rN+ SInv}
 47829 | Swamp:4  | Reached skill level 22 in Translocations
 49139 | Swamp:4  | Reached skill level 23 in Translocations
 49279 | Swamp:4  | Found a basalt altar of Yredelemnul.
 49322 | Swamp:4  | Found a blossoming altar of Fedhas.
 49387 | Swamp:4  | Got a decaying rune of Zot
 49513 | Swamp:3  | Upgraded the game from 0.32-a0-720-g1d96ad090f to
                  | 0.32-a0-738-g1a05c61809
 49561 | Swamp:3  | Learned a level 5 spell: Silence
 49833 | Vaults:1 | Entered Level 1 of the Vaults
 49858 | Vaults:1 | Reached skill level 1 in Air Magic
 49858 | Vaults:1 | Reached XP level 19. HP: 98/98 MP: 29/34
 49999 | Vaults:1 | Identified the +1 plate armour of Nihilism {+Blink rPois
                  | rF- Int+3 Stlth+}
 50644 | Vaults:1 | Identified the serpent talisman of the Farrier {Str+2 SInv}
 50644 | Vaults:1 | Noticed Aizul
 50939 | Vaults:1 | Killed Aizul
 50951 | Vaults:1 | Reached skill level 5 in Air Magic
 51028 | Vaults:1 | Found Uskuiqit's Antique Weapon Shop.
 53661 | Vaults:2 | Found Igewadao's Assorted Antiques.
 53948 | D:10     | Bought a lightning rod (4/4) for 440 gold pieces
 53948 | D:10     | Bought a potion of curing for 33 gold pieces
 53948 | D:10     | Bought a scroll of fog for 44 gold pieces
 54071 | Orc:2    | Bought 2 potions of curing for 192 gold pieces
 54071 | Orc:2    | Bought a wand of roots (4) for 307 gold pieces
 54071 | Orc:2    | Bought a potion of heal wounds for 160 gold pieces
 54071 | Orc:2    | Bought a potion of heal wounds for 160 gold pieces
 54317 | Orc:2    | Bought a potion of haste for 150 gold pieces
 55041 | Vaults:2 | Identified the granite talisman of Obiosega {Dex+3}
 55544 | Vaults:2 | Identified the +5 dagger of Idibot {antimagic, Dex+3}
 56425 | Vaults:2 | Found a staircase to the Crypt.
 56425 | Vaults:2 | Found an ancient bone altar of Kikubaaqudgha.
 56426 | Vaults:2 | Found a basalt altar of Yredelemnul.
 56863 | Vaults:3 | Noticed Jory
 56877 | Vaults:3 | Killed Jory
 57313 | Vaults:3 | Found a crumbling gateway.
 57350 | Desolati | Entered the Desolation of Salt
 57364 | Desolati | Reached XP level 20. HP: 58/109 MP: 12/35
 58398 | Vaults:3 | Reached skill level 15 in Dodging
 58973 | Vaults:3 | Reached skill level 1 in Shields
 59517 | Vaults:4 | Found Viogiom's Book Boutique.
 60401 | Vaults:4 | Reached skill level 5 in Shields
 61079 | Vaults:4 | Reached skill level 24 in Translocations
 61452 | Vaults:4 | Reached XP level 21. HP: 98/114 MP: 36/36
 61632 | Vaults:4 | Reached skill level 25 in Translocations
 62653 | Elf:1    | Entered Level 1 of the Elven Halls
 62653 | Elf:1    | Found a runed translucent gate.
 62653 | Elf:1    | Found a runed translucent gate.
 62653 | Elf:1    | Found a runed translucent gate.
 62653 | Elf:1    | Found a runed translucent gate.
 62653 | Elf:1    | Found a runed translucent gate.
 62653 | Elf:1    | Found a runed translucent gate.
 62654 | Elf:1    | Found a runed translucent door.
 62656 | Elf:1    | Found a runed translucent door.
 62758 | Elf:1    | Identified the +0 battleaxe of Forgiveness {heavy, rElec
                  | Will++ Str-5 Int+3}
 62987 | Elf:1    | Paralysed by an air elemental for 1 turns
 63456 | Elf:1    | Got the Encyclopedia of Allies
 63591 | Elf:1    | Found a radiant altar of Vehumet.
 63669 | Elf:1    | Reached skill level 26 in Translocations
 64570 | Elf:2    | Found Itecaom's Assorted Antiques.
 64580 | Elf:2    | Found Iranwash's Jewellery Shop.
 64582 | Elf:2    | Bought a potion of heal wounds for 125 gold pieces
 64961 | Elf:2    | Found Kotoer's Assorted Antiques.
 64967 | Elf:2    | Bought an ancient steel ring for 190 gold pieces
 64967 | Elf:2    | Identified the ring of Esowkaak {*Corrode +Blink rElec EV+5
                  | SInv} (You bought it in a shop on level 2 of the Elven
                  | Halls)
 65246 | Elf:2    | Found a huge runed translucent gate.
 65246 | Elf:2    | Found a huge runed translucent gate.
 65246 | Elf:2    | Found a huge runed translucent gate.
 65247 | Elf:2    | Found a huge runed translucent gate.
 65250 | Elf:2    | Found a huge runed translucent gate.
 66954 | Elf:2    | Noticed Jorgrun
 66962 | Elf:2    | Killed Jorgrun
 67575 | Elf:3    | Entered Level 3 of the Elven Halls
 67726 | Elf:3    | Noticed Himuck's ghost (adept OpFE)
 67726 | Elf:3    | Noticed Donald
 67758 | Elf:3    | Killed Donald
 67861 | Elf:3    | Noticed Mara
 67867 | Elf:3    | Killed Mara
 67916 | Elf:3    | Found a runed translucent door.
 67973 | Elf:3    | Killed Himuck's ghost
 70464 | Elf:3    | Reached XP level 22. HP: 115/117 MP: 37/37
 70509 | Elf:3    | Identified the +0 quarterstaff "Wusel" {freeze, Int+2}
 70569 | Elf:3    | Identified the amulet "Loukh" {Acrobat Str+2 Dex+4}
 70643 | Elf:3    | Reached skill level 27 in Translocations
 70925 | Elf:3    | Got the Octavo of the Nebulous Fairies
 70936 | Elf:3    | Got Neduekke's Papyrus of Arctic Arrival
 70940 | Elf:3    | Identified the +4 helmet of Broken Taboos {Will+ Str-2
                  | Int+3 Dex+3}
 70945 | Elf:3    | Got the Book of the Squall and Firn
 70972 | Elf:3    | Got Lanaipuc's Parchment of the Sky
 71142 | Elf:3    | Got the Vellum of Telluric Bewitchment
 71151 | Elf:3    | Learned a level 4 spell: Dimensional Bullseye
 72048 | D:10     | Bought a scroll of enchant armour for 82 gold pieces
 72211 | Depths:1 | Entered Level 1 of the Depths
 72297 | D:15     | Reached skill level 1 in Armour
 72316 | Depths:1 | Found a broken altar of Ashenzari.
 72383 | Depths:1 | Found a one-way gate to the infinite horrors of the Abyss.
 72669 | Depths:1 | Found a gateway to Hell.
 72901 | Depths:1 | Found Vosuhon's Antique Weapon Boutique.
 72909 | Depths:1 | Bought a transparent arbalest for 342 gold pieces
 72909 | Depths:1 | Identified the +3 arbalest of Doom {penet, rElec rPois rF+
                  | Int+3} (You bought it in a shop on level 1 of the Depths)
 74184 | Depths:2 | Reached skill level 5 in Armour
 75402 | Depths:2 | Reached skill level 10 in Stealth
 76109 | Depths:2 | Noticed the Enchantress
 76484 | Depths:2 | Learned a level 4 spell: Passage of Golubria
 76486 | Depths:2 | Found a one-way gate leading to the halls of Pandemonium.
 77250 | Depths:2 | Noticed a golden dragon
 77448 | Depths:2 | Killed the Enchantress
 77633 | Depths:2 | Identified the +1 robe of Context {rPois rC+ Will+ Slay+6}
 77669 | Depths:2 | Noticed a golden dragon
 77692 | Depths:2 | Killed a golden dragon
 78237 | Depths:2 | Killed a golden dragon
 79316 | Depths:3 | Found Saost's Magic Scroll Boutique.
 79324 | Depths:3 | Bought a scroll of enchant weapon for 90 gold pieces
 79324 | Depths:3 | Bought a scroll of butterflies for 48 gold pieces
 79324 | Depths:3 | Bought a scroll of blinking for 90 gold pieces
 79401 | Depths:3 | Found a stormy altar of Qazlal.
 79759 | Depths:3 | Found a one-way gateway to a ziggurat.
 79946 | Depths:3 | Reached XP level 23. HP: 125/125 MP: 41/41
 80069 | Depths:3 | Found a portal to a secret trove of treasure.
 80217 | Depths:3 | Noticed a dread lich
 80227 | Depths:3 | Killed a dread lich
 80664 | Depths:3 | Reached skill level 15 in Fighting
 81898 | Depths:3 | Got the Folio of Despicable Magicks
 82382 | Depths:3 | Found a corrupted altar of Lugonu.
 84060 | Depths:3 | Noticed Margery
 84384 | Depths:3 | Killed Margery
 86839 | Depths:4 | Entered Level 4 of the Depths
 86839 | Depths:4 | Found Onurghu's Armour Emporium.
 87621 | Depths:4 | Found Zimetsefo's Assorted Antiques.
 87629 | Depths:4 | Bought a scroll of enchant weapon for 247 gold pieces
 87629 | Depths:4 | Bought a potion of haste for 330 gold pieces
 87655 | Depths:4 | Bought a +2 buckler of protection for 494 gold pieces
 87995 | Orc:2    | Bought a scroll of enchant armour for 240 gold pieces
 88988 | Depths:4 | Found a blossoming altar of Fedhas.
 89433 | Depths:4 | Found Sehig's Assorted Antiques.
 89444 | Depths:4 | Bought a potion of magic for 256 gold pieces
 89444 | Depths:4 | Bought a potion of haste for 320 gold pieces
 90019 | Depths:4 | Reached XP level 24. HP: 133/133 MP: 41/41
 90440 | Depths:4 | Found a gate to the Realm of Zot.
 91029 | Swamp:3  | Killed Godo's ghost
 91456 | Vaults:2 | Bought a phantom mirror for 1240 gold pieces
 91656 | Depths:1 | Voluntarily entered the Abyss.
 91658 | Abyss:1  | Found a corrupted altar of Lugonu.
 91682 | Abyss:1  | Found a glowing golden altar of the Shining One.
 91808 | Abyss:3  | Found a corrupted altar of Lugonu.
 91840 | Abyss:3  | Gained mutation: Your spells are a little harder to cast,
                  | but a little more powerful. [a cacodemon]
 91844 | Abyss:3  | Got an abyssal rune of Zot
 91922 | Abyss:3  | Found a viscous altar of Jiyva.
 92109 | Abyss:3  | Found a corrupted altar of Lugonu.
 92242 | Abyss:3  | Found a corrupted altar of Lugonu.
 92344 | Depths:1 | Escaped the Abyss
 92726 | Zot:1    | Entered Level 1 of the Realm of Zot
 93442 | Zot:1    | Found the +4 dragonskin cloak {Aegis}
 93442 | Zot:1    | Noticed Tiamat
 95118 | Depths:4 | Tiamat changed into Tiamat the shard shrike
 95118 | Depths:4 | Noticed Tiamat
 95119 | Depths:4 | Killed Tiamat the shard shrike
 95120 | Depths:4 | Reached skill level 15 in Evocations
 96379 | Depths:4 | Found Zimetsefo's Assorted Antiques.
 96523 | Depths:4 | Found a gate to the Realm of Zot.
 96570 | Depths:4 | Found Sehig's Assorted Antiques.
 96789 | Depths:4 | Found a blossoming altar of Fedhas.
 97049 | Depths:4 | Found Zimetsefo's Assorted Antiques.
 97084 | Depths:4 | Found Onurghu's Armour Emporium.
 97166 | Depths:4 | Found Sehig's Assorted Antiques.
 97969 | Zot:2    | Noticed Grunn
 99780 | Zot:2    | Found the dreamshard necklace {Acrobat *Dream}
 99796 | Zot:2    | Upgraded the game from 0.32-a0-738-g1a05c61809 to
                  | 0.32-a0-765-gfba4d74c8c
100366 | Zot:2    | Found a snail-covered altar of Cheibriados.
100629 | Zot:2    | Killed Grunn
101207 | Zot:3    | Found a huge runed translucent gate.
101207 | Zot:3    | Found a huge runed translucent gate.
101207 | Zot:3    | Found a huge runed translucent gate.
101207 | Zot:3    | Found a huge runed translucent gate.
101207 | Zot:3    | Found a huge runed translucent gate.
101208 | Zot:3    | Found a huge runed translucent gate.
101208 | Zot:3    | Found a huge runed translucent gate.
101209 | Zot:3    | Found a huge runed translucent gate.
101209 | Zot:3    | Found a huge runed translucent gate.
101209 | Zot:3    | Found a huge runed translucent gate.
101209 | Zot:3    | Found a huge runed translucent gate.
101209 | Zot:3    | Found a huge runed translucent gate.
101209 | Zot:3    | Found a huge runed translucent gate.
101210 | Zot:3    | Found a huge runed translucent gate.
101211 | Zot:3    | Found a huge runed translucent gate.
101215 | Zot:3    | Found a huge runed translucent gate.
101220 | Zot:3    | Found a huge runed translucent gate.
101221 | Zot:3    | Found a huge runed translucent gate.
101222 | Zot:3    | Found a huge runed translucent gate.
101223 | Zot:3    | Found a huge runed translucent gate.
101224 | Zot:3    | Found a huge runed translucent gate.
101224 | Zot:3    | Found a huge runed translucent gate.
101228 | Zot:3    | Found a huge runed translucent gate.
101229 | Zot:3    | Found a huge runed translucent gate.
101230 | Zot:3    | Found a huge runed translucent gate.
101230 | Zot:3    | Found a huge runed translucent gate.
101233 | Zot:3    | Found a huge runed translucent gate.
101234 | Zot:3    | Found a huge runed translucent gate.
101235 | Zot:3    | Found a huge runed translucent gate.
101236 | Zot:3    | Found a huge runed translucent gate.
101236 | Zot:3    | Found a huge runed translucent gate.
101391 | Zot:3    | Found a huge runed translucent gate.
101392 | Zot:3    | Found a huge runed translucent gate.
101392 | Zot:3    | Found a huge runed translucent gate.
101395 | Zot:3    | Found a huge runed translucent gate.
101396 | Zot:3    | Found a huge runed translucent gate.
101635 | Zot:3    | Noticed an orb of fire
101653 | Zot:3    | Gained mutation: You are frail. (-10% HP) [an orb of fire]
102950 | Zot:3    | Gained mutation: You occasionally shout uncontrollably at
                  | your foes. [an orb of fire]
102959 | Zot:3    | Killed an orb of fire
104592 | Zot:4    | Reached XP level 25. HP: 103/126 MP: 30/41
105292 | Zot:3    | Found a huge runed translucent gate.
105292 | Zot:3    | Found a huge runed translucent gate.
105292 | Zot:3    | Found a huge runed translucent gate.
105292 | Zot:3    | Found a huge runed translucent gate.
105293 | Zot:3    | Found a huge runed translucent gate.
105294 | Zot:3    | Found a huge runed translucent gate.
105295 | Zot:3    | Found a huge runed translucent gate.
105295 | Zot:3    | Found a huge runed translucent gate.
105295 | Zot:3    | Found a huge runed translucent gate.
105295 | Zot:3    | Found a huge runed translucent gate.
105296 | Zot:3    | Found a huge runed translucent gate.
105298 | Zot:3    | Found a huge runed translucent gate.
105299 | Zot:3    | Found a huge runed translucent gate.
105300 | Zot:3    | Found a huge runed translucent gate.
105301 | Zot:3    | Found a huge runed translucent gate.
105302 | Zot:3    | Found a huge runed translucent gate.
105303 | Zot:3    | Found a huge runed translucent gate.
105303 | Zot:3    | Found a huge runed translucent gate.
106390 | Crypt:1  | Entered Level 1 of the Crypt
107484 | Slime:1  | Entered Level 1 of the Pits of Slime
109956 | Zot:4    | Reached skill level 10 in Invocations
114212 | Zot:5    | Entered Level 5 of the Realm of Zot
116487 | Zot:5    | Noticed a Killer Klown
116502 | Zot:5    | Killed a Killer Klown
116683 | Zot:5    | Noticed an orb of fire
117536 | Zot:5    | Noticed an orb of fire
117577 | Zot:5    | Killed an orb of fire
117709 | Zot:5    | Noticed an orb of fire
117713 | Zot:5    | Gained mutation: You are dopey. (Int -2) [an orb of fire]
117734 | Zot:5    | Gained mutation: You are very dopey. (Int -4) [an orb of
                  | fire]
117740 | Zot:5    | Killed an orb of fire
118448 | Zot:5    | Noticed a Killer Klown
118470 | Zot:5    | Killed a Killer Klown
118512 | Zot:5    | Noticed a Killer Klown
118681 | Zot:5    | Killed a Killer Klown
118859 | Zot:5    | Noticed an orb of fire
118879 | Zot:5    | Gained mutation: You have hidden genetic potential. [an orb
                  | of fire]
118897 | Zot:5    | Gained mutation: Your magical capacity is low. (-10% MP)
                  | [an orb of fire]
118915 | Zot:5    | Gained mutation: You frequently scream uncontrollably at
                  | your foes. [an orb of fire]
118924 | Zot:5    | Killed an orb of fire
119260 | Zot:5    | Noticed an orb of fire
119267 | Zot:5    | Gained mutation: You are clumsy. (Dex -2) [an orb of fire]
119315 | Zot:5    | Killed an orb of fire
120001 | Zot:5    | Killed an orb of fire
120002 | Zot:5    | Reached XP level 26. HP: 72/133 MP: 25/37
120415 | Zot:5    | Got the Orb of Zot
121027 | D:$      | Escaped with the Orb!

Illustrated notes

Levels and vault maps discovered:
D:1:      dpeg_arrival_rhombi, layout_basic, minmay_misc_feat_four_crosses
D:2:      layout_loops_ring, basic_altar, guppyfry_early_orc_mine
D:3:      layout_basic, serial_shops, shop
D:4:      minmay_bubble_buster, layout_loops_ring,
          chequers_serial_rivers_micro_a, minmay_misc_feat_rugged,
          grunt_ministairs_4, nicolae_half_adder
D:5:      layout_loops_ring
D:6:      nicolae_cairo_tiling_large, layout_gridville, gammafunk_ghost_hive
D:7:      layout_basic, minmay_temple_entry_glassed_door, uniq_pikel,
          uniq_joseph, uniq_duvessa
D:8:      layout_cave_pools
D:9:      layout_gridville, nicolae_overflow_hidden_temple, serial_shops, shop
D:10:     layout_grid_maze, hellmonk_lair_entry_icy, serial_shops,
          nicolae_shop_tiny_real_fake_doors, st_stairs_1, nicolae_letterblocks
          [nicolae_letter_subblock, nicolae_letter_subblock,
          nicolae_letter_subblock, nicolae_letter_subblock,
          nicolae_letter_subblock, nicolae_letter_subblock,
          nicolae_letter_subblock, nicolae_letter_subblock,
          nicolae_letter_subblock, nicolae_letter_subblock,
          nicolae_letter_subblock, nicolae_letter_subblock,
          nicolae_letter_subblock, nicolae_letter_subblock,
          nicolae_letter_subblock, nicolae_letter_subblock,
          nicolae_letter_subblock, nicolae_letter_subblock,
          nicolae_letter_subblock, nicolae_letter_subblock,
          nicolae_letter_subblock, nicolae_letter_subblock,
          nicolae_letter_subblock, nicolae_letter_subblock,
          nicolae_letter_subblock], uniq_urug
D:11:     layout_roguey, hiddenorc1_lemuel, uniq_lodul
D:12:     erik_rubicon_a, layout_irregular_city, minmay_misc_feat_secret_circle,
          uniq_frances
D:13:     minmay_the_grid_triangle_9x9_recursive_2
          [minmay_the_grid_triangle_9x9_prize_center,
          minmay_the_grid_triangle_9x9_from_above,
          minmay_the_grid_triangle_9x9_warning,
          minmay_the_grid_triangle_9x9_checkered], layout_loops_ring,
          grunt_ministairs_2
D:14:     layout_roguey, david_vaults_4, chequers_serial_rivers_micro_c,
          uniq_kirke, uniq_azrael
D:15:     grunt_enter_depths_snipers, layout_loops_ring, serial_bayou_shore_a,
          grunt_ministairs_14
Lair:1:   layout_roguey, serial_forest, infiniplex_forest_lined_1,
          infiniplex_forest_zigzag_1, infiniplex_forest_pool,
          infiniplex_forest_clump_small, infiniplex_forest_lined_3,
          infiniplex_forest_straight_4
Lair:2:   beast_lair_carwin_large_3, layout_chaotic_city, dummy_snake_entry
Lair:3:   gammafunk_boulding_lane, layout_loops_ring,
          minmay_swamp_entry_reptiles
Lair:4:   layout_small_grid, lightli_volcano_entry_magma_tube, minivault_25
Lair:5:   minmay_lair_end_frog_pond, layout_concentric_octagons,
          dpeg_slime_entry_enclosed
Swamp:1:  layout_basic_swamp, nicolae_swamp_ascending_descending_big,
          uniq_mlioglotl
Swamp:2:  layout_basic_swamp, evilmike_swamp_ruin_house_6,
          infiniplex_staircase_pool
Swamp:3:  layout_basic_swamp, gammafunk_ghost_grave,
          evilmike_swamp_ruin_rubble_2, st_swamp_ruins_2, uniq_roxanne
Swamp:4:  byrel_swamp_growth_death_and_undeath, layout_basic_swamp
Snake:1:  nicolae_snake_unarmed_stairs_patrol, layout_misc_corridors,
          hangedman_snake_corridor_split
Snake:2:  layout_layer_cave, serial_shops, shop, nicolae_shop_behind_doors,
          shop, nicolae_shop_gibbet_a_chance, nicolae_shop_waterfront
Snake:3:  layout_honeycomb, basic_altar
Snake:4:  grunt_snake_rune_pools, layout_basic
Slime:1:  layout_caves
Slime:2:  layout_caves
Slime:3:  layout_caves, cheibrodos_slime_lost_civilization_6
Orc:1:    layout_diamond_mine
Orc:2:    st_orc_open, layout_diamond_mine, serial_shops, nicolae_shop_trees
Elf:1:    nicolae_elf_arrival_dilemma, layout_loops_corners, basic_altar,
          minmay_elf_demonology, nicolae_elf_w_pinch, minivault_14
Elf:2:    elven_hall_of_blades_hangedman_alternative
          [nicolae_blade_entry_hurt_lockers], layout_gridlike, serial_shops,
          nicolae_shop_overgrown_old_shop, nicolae_shop_pleasant_corner_grove,
          shop, serial_co_window_serial, co_window_corner_a, co_window_paths_a,
          co_window_cross_1, co_window_corner_a, co_window_corner_a,
          co_window_paths_b, co_window_of_opportunity_a, co_window_2corner,
          co_window_broadway_a, co_window_of_opportunity_b, co_window_corner_b,
          glass_columns_a, glass_columns_b, uniq_jorgrun
Elf:3:    minmay_elf_hall_golems, layout_gridlike, hellmonk_ghost_big_iron,
          minivault_19, grunt_megastairs_4, uniq_mara, uniq_donald
Vaults:1: nicolae_vaults_stepped_doors, ontoclasm_vaults_gallery,
          vaults_room_semicircle, vaults_room_grunt_arrival_ludios,
          layout_vaults_quadrants, serial_shops, shop, uniq_aizul
Vaults:2: vaults_dpeg_encased_lava, nicolae_vaults_network_periphery,
          nicolae_vaults_asterisk, v_alt_pattern_4,
          nicolae_vaults_network_square, v_misc_10,
          nicolae_vaults_mini_display_case, nicolae_vaults_network_s,
          nicolae_vaults_circle_grid_b, nicolae_vaults_shelves_hall,
          grunt_vaults_hallway_long, vaults_mumra_chevron_long,
          nicolae_vaults_storage_closets_1, vaults_dpeg_hooks,
          nicolae_vaults_double_plus_2, minmay_crypt_entry_necro_gods,
          layout_vaults_ring, serial_shops, shop
Vaults:3: portal_desolation_entry_garden, nicolae_vaults_closet_pinwheel_1,
          ontoclasm_vaults_eye, hangedman_vaults_stagger,
          nicolae_vaults_trapezoid_1, v_misc_15, v_misc_33,
          ontoclasm_vaults_ring_small, ontoclasm_vaults_shout,
          dpeg_vaults_monster_box, ontoclasm_vaults_decontamination, v_misc_25,
          nicolae_vaults_trapezoid_4, hangedman_vaults_stretched_pinwheel,
          v_pattern_1, grunt_vaults_bifocal, layout_vaults_omnicross,
          uniq_frederick, uniq_jory
Vaults:4: nicolae_vaults_trapezoid_lopsided_4, nicolae_vaults_storage_closets_2,
          nicolae_vaults_tangram_2, kennysheep_ogre_elephant_herders, v_misc_1,
          nicolae_vaults_diamond_1, nicolae_vaults_trapezoid_4, v_misc_23,
          nicolae_vaults_shelves_hall, v_misc_26, v_rooms_6, vaults_dpeg_ring,
          nicolae_vaults_trapezoid_lopsided_1, nicolae_vaults_frosty_reception,
          nicolae_vaults_house_2, nicolae_vaults_offset_grid_hallway_4,
          layout_vaults_maze_snakey, serial_shops, nicolae_lakefront_shop
Crypt:1:  layout_regular_city, grunt_ministairs_10, uniq_khufu
Depths:1: layout_gridlike, abyss_entry, grunt_hell_entry_dis_old, serial_shops,
          nicolae_shop_overgrown_old_shop, ashenzari_conservatory_becter,
          minivault_16, hangedman_decor_peaks_small, item_on_display_a
Depths:2: minmay_connected_boxes_in_corner, layout_basic,
          infiniplex_staircase_river, rand_demon_pan_entry_1,
          nicolae_abyss_entry_one_way_or_another, hangedman_geh_valley,
          uniq_enchantress
Depths:3: nzn_winding_woodlands_huge [nzn_winding_woodlands_5x15_sidewinder,
          nzn_winding_woodlands_5x15_eye, nzn_winding_woodlands_5x15_concentric,
          nzn_winding_woodlands_5x15_twine, nzn_winding_woodlands_5x15_default,
          nzn_winding_woodlands_5x15_pool, nzn_winding_woodlands_5x15_cabin,
          nzn_winding_woodlands_5x15_longhouse,
          nzn_winding_woodlands_5x15_river_crossing,
          nzn_winding_woodlands_5x15_crooked,
          nzn_winding_woodlands_center_triple_pond,
          nzn_winding_woodlands_center_garden,
          nzn_winding_woodlands_15x15_thick_spiral], layout_basic,
          enter_ziggurat_c, pan_entry, abyss_entry_flame_altar, serial_shops,
          shop, nicolae_trove_entry_free_sample, special_room
          [special_room_morgue], hell_entry, nicolae_qazlal_scattered_showers,
          uniq_margery
Depths:4: grunt_zot_entry_gee_three, layout_cave_pools, grunt_hell_horde,
          fedhas_altar_fruit_tree, serial_shops, shop, nicolae_shop_waterfront,
          nicolae_lakefront_shop, minivault_16, roderic_nine_men_s_morris
Zot:1:    layout_misc_corridors, grunt_ministairs_15, uniq_tiamat
Zot:2:    layout_basic, regret_index_zotdec_misc_clamp, basic_altar, uniq_grunn
Zot:3:    layout_twisted_circle, door_vault
Zot:4:    hellmonk_crystal_mountain, layout_misc_corridors,
          regret_index_zotdec_silver_v_v_loose
Zot:5:    layout_cathedral_of_symmetry, regret_index_zotdec_zees

Skill      XL: |  1  2  3  4  5  6  7  8  9 10 11 12 13 14 15 16 17 18 19 20 21 22 23 24 25 |
---------------+----------------------------------------------------------------------------+-----
Polearms       | 2 |  2.0
Stealth        | 1 3 5 12 | 12.0
Translocations | 5 8 12 14 19 21 23 24 26 27 | 27.0
Ranged Weapons | 1 2 4 6 8 10 12 14 16 18 | 18.0
Fighting       | 4 5 8 10 13 14 16 17 18 | 18.6
Dodging        | 5 9 11 12 16 18 21 23 | 23.0
Invocations    | 1 3 6 9 12 | 12.0
Evocations     | 2 5 10 11 15 | 15.0
Summonings     | 6 8 10 11 12 | 12.0
Hexes          | 4 8 11 12 | 12.6
Spellcasting   | 6 10 13 | 13.0
Air Magic      | 1 7 |  7.0
Shields        | 5 6 8 |  8.0
Armour         | 5 |  5.3
Throwing       | |  1.0
Shapeshifting  | |  0.8

Action                     |  1- 3 |  4- 6 |  7- 9 | 10-12 | 13-15 | 16-18 | 19-21 | 22-24 | 25-27 || total
---------------------------+-------+-------+-------+-------+-------+-------+-------+-------+-------++-------
  Melee: Spear             |   227 |     1 |       |       |       |       |       |       |       ||   228
         Dagger            |     1 |       |       |       |       |       |       |       |       ||     1
         Unarmed           |       |       |    30 |       |       |       |       |       |       ||    30
   Fire: Sling             |    79 |   478 |       |       |       |       |       |       |       ||   557
         Orcbow            |       |       |   358 |   686 |   112 |       |       |       |       ||  1156
         Arbalest          |       |       |       |       |  1053 |  1093 |   873 |       |       ||  3019
         Hand cannon       |       |       |       |       |       |       |   356 |  1720 |   427 ||  2503
  Throw: Stone             |     2 |       |       |       |       |       |       |       |       ||     2
         Dart              |       |    23 |       |       |       |       |       |       |       ||    23
   Cast: Summon Forest     |       |       |       |       |     1 |    28 |    64 |    68 |    41 ||   202
         Summon Mana Viper |       |       |       |       |       |    23 |    48 |    37 |     4 ||   112
         Malign Gateway    |       |       |       |       |       |     9 |    52 |    83 |    45 ||   189
         Disjunction       |       |       |       |       |       |     7 |     4 |    48 |    32 ||    91
         Apportation       |       |       |       |       |       |     1 |       |     3 |     3 ||     7
         Blink             |       |       |       |       |       |       |     4 |    21 |    10 ||    35
         Silence           |       |       |       |       |       |       |    16 |    27 |     7 ||    50
         Passage of Golubr |       |       |       |       |       |       |       |     1 |     2 ||     3
 Invoke: Shadow Step       |       |       |       |       |       |       |     1 |     7 |       ||     8
         Shadow Form       |       |       |       |       |       |       |     1 |     4 |     1 ||     6
Ability: End Transformatio |       |       |       |       |       |       |     1 |     4 |     1 ||     6
  Evoke: Wand              |       |       |       |     2 |     4 |     5 |    15 |    24 |    29 ||    79
         Tin of tremorston |       |       |       |       |     1 |       |       |     1 |       ||     2
         Lightning rod     |       |       |       |       |       |       |       |     4 |       ||     4
         Phial of floods   |       |       |       |       |       |       |       |       |     1 ||     1
    Use: Scroll            |     4 |     6 |     8 |     5 |    12 |     5 |     9 |    23 |     3 ||    75
         Potion            |       |       |     1 |       |     2 |     3 |     1 |     4 |     5 ||    16
   Stab: Sleeping          |     3 |       |       |       |       |       |       |       |       ||     3
 Armour: Robe              |    43 |    40 |    56 |    22 |    32 |       |       |     5 |    28 ||   226
         Skin              |       |       |    50 |       |       |       |       |       |       ||    50
         Troll leather arm |       |       |       |       |    74 |   141 |   165 |    20 |       ||   400
         Swamp dragon scal |       |       |       |       |       |       |       |   466 |    24 ||   490
         Acid dragon scale |       |       |       |       |       |       |       |       |    62 ||    62
  Dodge: Dodged            |   150 |    89 |   179 |    80 |   462 |   320 |   350 |   655 |   290 ||  2575
  Block: Buckler           |       |       |       |       |       |       |    31 |   176 |    85 ||   292

Table legend: (Time is in decaauts)
 A = Elapsed time spent in this place.
 B = Non-inter-level travel time spent in this place.
 C = Inter-level travel time spent in this place.
 D = Time resting spent in this place.
 E = Time spent auto-exploring this place.
 F = Levels seen in this place.
 G = Mean time per level.
                   A        B        C        D        E       F      G
               +--------+--------+--------+--------+--------+-----+--------+
         Total |  91291 |  78074 |  13217 |  29704 |  16813 |  55 | 1659.8 |
       Dungeon |  22977 |  17077 |   5900 |   3448 |   3204 |  15 | 1531.8 |
          Lair |   5570 |   4489 |   1081 |    754 |   1670 |   5 | 1114.0 |
         Swamp |   3315 |   2924 |    391 |    836 |   1073 |   4 |  828.8 |
     Snake Pit |   4712 |   4195 |    517 |   1146 |   1474 |   4 | 1178.0 |
    Slime Pits |    976 |    916 |     60 |    430 |    165 |   3 |  325.3 |
  Orcish Mines |   1456 |    994 |    462 |     45 |    534 |   2 |  728.0 |
   Elven Halls |   7039 |   6542 |    497 |   3290 |   1099 |   3 | 2346.3 |
        Vaults |   9303 |   8264 |   1039 |   2695 |   1946 |   4 | 2325.8 |
         Crypt |     17 |     17 |      0 |      0 |      0 |   1 |   17.0 |
        Depths |  18236 |  16502 |   1734 |   7919 |   3921 |   4 | 4559.0 |
           Zot |  16643 |  15111 |   1532 |   8815 |   1654 |   5 | 3328.6 |
         Abyss |    476 |    476 |      0 |     94 |     70 |   3 |  158.7 |
       Volcano |    551 |    551 |      0 |    227 |      0 |   1 |  551.0 |
    Desolation |     13 |     13 |      0 |      0 |      0 |   1 |   13.0 |
               +--------+--------+--------+--------+--------+-----+--------+

Top non-repeatable levels by time:
Depths:3: 7023 daAuts
   Zot:3: 5179 daAuts
Depths:4: 5123 daAuts
   Zot:5: 4773 daAuts
Depths:2: 3591 daAuts
Vaults:2: 2989 daAuts
   Elf:3: 2978 daAuts
     D:3: 2939 daAuts
     D:4: 2924 daAuts
   Elf:2: 2615 daAuts
Depths:1: 2497 daAuts
   Zot:4: 2435 daAuts
Vaults:1: 2318 daAuts
   Zot:1: 2130 daAuts
   Zot:2: 2125 daAuts
